 Dungeon Crawl Stone Soup version 0.31.0-32-g396128a36d (webtiles) character file.

Game seed: 11537559427652747564

3018 Zeor the Slasher (level 9, -2/60 (64) HPs)
             Began as a Demonspawn Gladiator on Apr 22, 2024.
             Was a Believer of Kikubaaqudgha.
             Slain by a hornet (5 damage)
             ... on level 8 of the Dungeon on Apr 23, 2024.
             The game lasted 00:32:06 (7461 turns).

Zeor the Slasher (Demonspawn Gladiator)             Turns: 7461, Time: 00:32:07

HP:   -2/60 (64)    AC: 13    Str: 16    XL:     9   Next: 55%
MP:   13/15         EV: 13    Int: 12    God:    Kikubaaqudgha [**....]
Gold: 312           SH:  9    Dex: 14    Spells: 11/17 levels left

rFire   . . .        a - +1 long sword
rCold   . . .        p - +0 buckler
rNeg    . . .        x - +1 leather armour {Will+}
rPois   .            (helmet restricted)
rElec   .            o - +2 cloak
rCorr   +            k - +0 pair of gloves
SInv    .            w - +0 pair of boots
Will    ++...        (no amulet)
Stlth   ++           y - ring of willpower
HPRegen 0.30/turn    E - ring of resist corrosion
MPRegen 0.14/turn

%: no passive effects
@: lethally poisoned (-2 -> -10), slowed, drained, very slow
A: antennae 1, icemail 1, powered by death 1, condensation shield
a: Renounce Religion, Unearth Wretches


You were on level 8 of the Dungeon.
You worshipped Kikubaaqudgha.
Kikubaaqudgha was pleased with you.
You visited 2 branches of the dungeon, and saw 9 of its levels.
You also visited: Sewer.

You collected 312 gold pieces.

Inventory:

Hand Weapons
 a - a +1 long sword (weapon)
 b - a +2 falchion of flaming
Missiles
 d - 2 throwing nets
 e - a javelin
 j - a curare-tipped dart
 v - 30 poisoned darts (quivered)
Armour
 k - a +0 pair of gloves (worn)
 o - a +2 cloak (worn)
 p - a +0 buckler (worn)
 w - a +0 pair of boots (worn)
 x - a +1 leather armour of willpower (worn)
Magical Staves
 l - a staff of earth
Jewellery
 n - an amulet of faith
 y - a ring of willpower (left hand)
 E - a ring of resist corrosion (right hand)
Scrolls
 r - a scroll of poison
 A - a scroll of revelation
 D - a scroll of vulnerability
 F - a scroll of amnesia
 G - a scroll of acquirement {unknown}
Potions
 c - a potion of ambrosia {unknown}
 f - 4 potions of attraction
 g - a potion of curing
 h - 2 potions of brilliance
 i - a potion of lignification {unknown}
 m - a potion of mutation {unknown}
 q - a potion of might
 s - a potion of cancellation
 t - 2 potions of haste
 u - 3 potions of magic
 z - 2 potions of enlightenment {unknown}
 C - a potion of degeneration {unknown}


   Skills:
 + Level 3.4 Fighting
 + Level 6.4 Long Blades
 + Level 2.1 Throwing
 + Level 2.6 Armour
 + Level 4.4 Dodging
 + Level 2.7 Stealth
 * Level 5.4 Shields
 * Level 4.6 Spellcasting
 * Level 5.1 Necromancy
 + Level 1.2 Air Magic


You had 11 spell levels left.
You knew the following spells:

 Your Spells              Type           Power      Damage    Failure   Level
n - Necrotise             Necr           60%        1d7       4%          1
r - Cigotuvi's Dreadful   Necr/Alch/Air  14%        N/A       21%         2
v - Vampiric Draining     Necr           15%        2d7       12%         3

Your spell library contained the following spells:

 Spells                   Type           Power      Damage    Failure   Level
 Sandblast                Erth           4%         2d4       32%         1
 Animate Dead             Necr           15%        N/A       36%         4
 Blink                    Tloc           4%         N/A       45%         2
 Lesser Beckoning         Tloc           4%         N/A       45%         2
 Momentum Strike          Conj/Tloc      4%         3d8       45%         2
 Frozen Ramparts          Ice            4%         1d1       69%         3
 Passwall                 Erth           2%         N/A       69%         3
 Stone Arrow              Conj/Erth      4%         3d7       69%         3
 Brom's Barrelling Bould  Conj/Erth      2%         2d3       97%         4
 Leda's Liquefaction      Alch/Erth      1%         N/A       97%         4
 Petrify                  Alch/Erth      2%         N/A       97%         4
 Metabolic Englaciation   Hex/Ice        1%         N/A       100%        5


Dungeon Overview and Level Annotations

Branches:
Dungeon (8/15)             Temple (1/1) D:5           Sewer (visited)
   Lair: D:8-11

Altars:
Ashenzari
Cheibriados
Dithmenos
Fedhas
Gozag
Hepliaklqana
Kikubaaqudgha
Makhleb
Nemelex Xobeh
Okawaru
Qazlal
Ru
Sif Muna
Trog
Uskayaw
Vehumet
Wu Jian
Xom
Yredelemnul

Shops:
D:4 :   D:8 =

Annotations:
D:2 1 runed translucent door, Crazy Yiuf
D:8 Gastronok


Innate Abilities, Weirdness & Mutations

You have a pair of small antennae on your head.
A meltable icy envelope protects you from harm. (AC +4)
You regenerate a little health from kills.
A meltable shield of frost defends you. (SH +4)


Message History

The hornet looks more healthy.
You block the hornet's attack.
You hit the hornet but do no damage.
The hornet is heavily wounded.
You block the hornet's attack.
You hit the hornet but do no damage.
The hornet is heavily wounded.
The hornet stings you but does no damage. x2
You slash the hornet!
The hornet is severely wounded.
The hornet stings you!
You feel yourself slow down.
The hornet stings you but does no damage.
You hit the hornet.
The hornet is almost dead.
You feel yourself speed up. The hornet stings you!
You are poisoned.
You feel yourself slow down. The hornet stings you.
You feel as though you will be slow longer.
You hit the hornet but do no damage.
The hornet is almost dead.
You feel very sick. The hornet stings you!
You suddenly lose the ability to move!
The hornet stings you but does no damage.
The hornet stings you!
* * * LOW HITPOINT WARNING * * *
You are more poisoned.
You feel as though you will be slow longer.
You feel very sick. The hornet stings you!
* * * LOW HITPOINT WARNING * * *
You feel as though you will be slow longer.
You can move again.
Cast which spell? (? or * to list)
A part of your flesh rots into a cloud of miasma!
You feel drained.
* * * LOW HITPOINT WARNING * * *
You feel very sick. The hornet stings you.
You die...
Kikubaaqudgha rasps: "You have failed me!
Welcome... death!"

▒▒▒▒▒▒▒▒∙∙▒ ∙∙
▒∙∙∙∙∙∙∙∙∙▒ ▒ ∙
▒∙▒▒▒▒▒▒▒∙▒ ∙∙ ▒▒▒▒∙ ▒∙▒
▒∙▒ ~∙∙∙∙▒▒∙>∙∙ ▒∙▒ ▒)▒
∙∙~∙∙∙∙∙∙∙▒ ▒∙▒ ▒)▒
~~o∙∙▒▒∙▒∙▒▒ ▒∙▒ ▒∙▒
≈~∙∙∙▒▒∙∙∙∙▒▒▒▒∙▒▒▒▒▒▒▒∙▒
≈~(∙?∙∙∙∙∙∙∙∙∙∙y6[∙∙∙∙∙∙▒
~∙∙∙∙∙∙∙∙∙∙∙∙∙∙∙▒▒▒▒▒▒▒▒▒
~~∙∙∙▒▒∙▒∙▒▒▒∙▒▒▒
∙~~∙∙▒▒∙▒▒▒ ▒∙▒ ~∙∙∙∙▒∙∙▒
▒∙▒ ~∙~∙)∙∙∙▒▒▒▒▒∙▒
≈∙∙∙∙∙∙∙∙)∙∙∙∙▒
~∙∙∙∙∙∙∙▒▒▒▒▒▒▒ ~∙∙)∙▒∙▒▒


You could see a hornet.

Vanquished Creatures
  A sky beast (D:6)
  An orc warrior (D:7)
  An ogre (D:7)
  2 wolves (D:8)
  A centaur (D:5)
  4 lemures (D:8)
  3 phantoms
  3 kobold brigands
  3 gnoll sergeants
  A scorpion (D:6)
  3 bullfrogs
  2 wights (D:8)
  9 killer bees
  A howler monkey (D:4)
  2 bombardier beetles
  5 hounds
  2 jellies
  6 orc priests
  2 sleepcaps
  3 iguanas
  3 orc wizards
  15 gnolls
  9 adders
  2 shadow imps
  A white imp (D:5)
  2 ufetubi (D:7)
  11 dart slugs
  A ribbon worm (D:2)
  27 orcs
  6 endoplasms
  4 giant cockroaches
  4 goblins
  4 hobgoblins
  2 jackals (D:2)
  26 kobolds
  6 ball pythons
  10 bats
  3 frilled lizards
  8 rats
199 creatures vanquished.

Vanquished Creatures (collateral kills)
  2 gnolls (D:7)
  A kobold (D:7)
3 creatures vanquished.

Vanquished Creatures (others)
  An orc (D:8)
1 creature vanquished.

Grand Total: 203 creatures vanquished

Notes
Turn   | Place    | Note
-------+----------+-------------------------------------------
     0 | D:1      | Zeor the Demonspawn Gladiator began the quest for the Orb.
     0 | D:1      | Reached XP level 1. HP: 16/16 MP: 1/1
   231 | D:1      | Reached skill level 3 in Long Blades
   286 | D:1      | Gained mutation: A meltable shield of frost defends you.
                  | (SH +4) [demonic ancestry]
   286 | D:1      | Reached XP level 2. HP: 22/22 MP: 2/2
   999 | D:2      | Gained mutation: A meltable icy envelope protects you from
                  | harm. (AC +4) [demonic ancestry]
   999 | D:2      | Reached XP level 3. HP: 22/27 MP: 4/4
  1206 | D:2      | Reached skill level 1 in Armour
  1213 | D:2      | Reached skill level 1 in Spellcasting
  1213 | D:2      | Reached XP level 4. HP: 34/34 MP: 5/5
  1589 | D:2      | Found a runed translucent door.
  1590 | D:2      | Noticed Crazy Yiuf
  2134 | D:3      | Found a burning altar of Makhleb.
  2187 | D:3      | Gained mutation: You have a pair of small antennae on your
                  | head. [demonic ancestry]
  2187 | D:3      | Reached XP level 5. HP: 39/39 MP: 7/7
  2188 | D:3      | Found a glowing drain.
  2197 | Sewer    | Entered a sewer
  2266 | Sewer    | Reached skill level 1 in Shields
  3090 | D:4      | Reached skill level 4 in Long Blades
  3246 | D:4      | Reached XP level 6. HP: 38/44 MP: 9/9
  3557 | D:4      | Found Zoxt's Book Boutique.
  3988 | D:4      | Reached skill level 1 in Stealth
  4130 | D:4      | Gained mutation: You regenerate a little health from kills.
                  | [demonic ancestry]
  4130 | D:4      | Reached XP level 7. HP: 46/51 MP: 10/10
  4389 | D:5      | Entered Level 5 of the Dungeon
  4823 | D:5      | Found a staircase to the Ecumenical Temple.
  4872 | Temple   | Entered the Ecumenical Temple
  4880 | Temple   | Became a worshipper of Kikubaaqudgha
  4983 | D:5      | Reached skill level 1 in Necromancy
  5094 | D:5      | Found a stormy altar of Qazlal.
  5198 | D:6      | Found a hide-covered altar of Uskayaw.
  5198 | D:6      | Found a hazy altar of Hepliaklqana.
  5227 | D:6      | Reached skill level 5 in Long Blades
  5227 | D:6      | Reached XP level 8. HP: 53/58 MP: 11/13
  5626 | D:6      | Reached * piety under Kikubaaqudgha
  5626 | D:6      | Received a gift from Kikubaaqudgha
  5629 | D:6      | Learned a level 1 spell: Necrotise
  5678 | D:6      | You fall into a shaft and drop 1 floor!
  6019 | D:6      | Reached XP level 9. HP: 59/64 MP: 14/14
  6423 | D:7      | Reached ** piety under Kikubaaqudgha
  6444 | D:7      | Reached skill level 5 in Shields
  6448 | D:7      | Learned a level 3 spell: Vampiric Draining
  6451 | D:7      | Learned a level 2 spell: Cigotuvi's Dreadful Rot
  6840 | D:7      | Reached skill level 6 in Long Blades
  6987 | D:8      | Reached skill level 5 in Necromancy
  7027 | D:8      | Noticed Pikel
  7145 | D:8      | Found Raseteph's Jewellery Boutique.
  7198 | D:8      | Noticed Gastronok
  7371 | D:8      | Reached skill level 1 in Air Magic
  7459 | D:8      | Paralysed by a hornet for 2 turns
  7461 | D:8      | HP: 3/60 [poisoned by a hornet]
  7461 | D:8      | Slain by a hornet

Illustrated notes

Levels and vault maps discovered:
D:1:      shiori_shiawase, layout_basic, minmay_heptomino_l4
D:2:      cheibrodos_helix_gallery, layout_basic, uniq_crazy_yiuf_cottage
D:3:      kennysheep_slugbush, layout_basic, mainiacjoe_overflow_chevrons,
          portal_sewer_entry_d
D:4:      layout_basic, serial_shops, shop
D:5:      layout_gridville, nicolae_qazlal_eye_of_the_storm,
          minmay_temple_entry_antechambers
D:6:      layout_rooms, chequers_temple_overflow_statue_of_worship,
          grunt_ministairs_9
D:7:      layout_rooms, minmay_misc_feat_columns, minivault_11
D:8:      layout_loops_ring, erik_lair_island, serial_shops,
          nicolae_shop_just_a_little_nook, uniq_gastronok, uniq_pikel
Temple:   sentei_temple_godly_chess

Skill      XL: |  1  2  3  4  5  6  7  8  9 |
---------------+----------------------------+-----
Long Blades    | 3 4 5 6 |  6.4
Dodging        | 3 4 |  4.4
Armour         | 1 2 |  2.6
Spellcasting   | 1 2 3 4 |  4.6
Shields        | 1 2 3 4 5 |  5.4
Stealth        | 1 2 |  2.7
Throwing       | 2 |  2.1
Fighting       | 3 |  3.4
Necromancy     | 1 4 5 |  5.1
Air Magic      | 1 |  1.2

Action                     |  1- 3 |  4- 6 |  7- 9 || total
---------------------------+-------+-------+-------++-------
  Melee: Long sword        |    98 |   276 |   485 ||   859
         Punch             |     2 |       |       ||     2
  Throw: Javelin           |     1 |       |       ||     1
         Dart              |       |     7 |    25 ||    32
         Throwing net      |       |     3 |     1 ||     4
   Cast: Necrotise         |       |       |    35 ||    35
         Cigotuvi's Dreadf |       |       |     4 ||     4
    Use: Scroll            |     4 |     7 |     4 ||    15
         Potion            |     1 |     1 |     8 ||    10
   Stab: Sleeping          |     1 |     1 |     1 ||     3
         Held in net/web   |       |     3 |     2 ||     5
         Distracted        |       |     1 |       ||     1
         Invisible         |       |       |     3 ||     3
 Armour: Leather armour    |    46 |   161 |   308 ||   515
  Dodge: Dodged            |    64 |   177 |   282 ||   523
  Block: Other             |    17 |     5 |       ||    22
         Buckler           |       |   161 |   284 ||   445
